Map: Cañón polvoriento

Players

Buster - Winner!

  • Race: Protoss Protoss
  • League: Diamond
  • Spawn Location: 11:00

Akeria - Winner!

  • Race: Terran Terran
  • Spawn Location: 9:00

MrFercho

  • Race: Zerg Zerg
  • League: Silver
  • Spawn Location: 3:00

tigro

  • Race: Terran Terran
  • League: Bronze
  • Spawn Location: 5:00

VOD

Have the link to the VOD?

Description

Time

  • Played on: May 27, 2020, 8:49 p.m.
  • Length: 8:32
Show
View Real Time Build Order
Export as new Build Order

Buster Protoss - Winner!

Build Orders:  

Get SALT Encoding   

  12  0:01  Probe (Chrono Boost)  
  13  0:11  Probe (Chrono Boost)  
  14  0:16  Probe (Chrono Boost)  
  15  0:27  Pylon  
  15  0:59  Pylon  
  15  1:01  Probe  
  16  1:08  Forge  
  16  1:14  Gateway  
  16  1:16  Probe (Chrono Boost)  
  17  1:21  Pylon  
  17  1:28  Probe (Chrono Boost)  
  18  1:36  Probe (Chrono Boost)  
  19  1:44  Photon Cannon  
  19  1:48  Photon Cannon  
  19  1:55  Probe  
  20  2:04  Photon Cannon  
  20  2:12  Assimilator  
  20  2:16  Assimilator  
  20  2:18  Probe  
  21  2:30  Photon Cannon  
  21  2:31  Probe (Chrono Boost)  
  22  2:43  Probe (Chrono Boost)  
  23  2:50  Probe (Chrono Boost)  
  24  2:54  Cybernetics Core  
  24  2:57  Probe  
  25  2:58  Photon Cannon  
  25  3:24  Warp Gate (Chrono Boost)  
  25  3:30  Gateway x2  
  25  3:33  Gateway  
  25  3:42  Probe  
  26  3:54  Probe  
  27  4:02  Photon Cannon  
  27  4:06  Probe  
  28  4:12  Pylon  
  28  4:19  Probe  
  29  4:31  Probe  
  30  4:33  Twilight Council  
  30  4:39  Protoss Ground Weapons Level 1  
  30  4:48  Shield Battery  
  30  4:50  Pylon  
  30  5:06  Adept x4  
  38  5:13  Dark Shrine  
  38  5:18  Probe  
  39  5:26  Shield Battery  
  39  5:30  Probe  
  40  5:42  Probe  
  39  6:21  Nexus  
  39  6:27  Dark Templar x4  
  45  6:39  Pylon  
  41  6:40  Pylon  
  40  6:48  Photon Cannon  
  40  6:49  Photon Cannon  
  38  7:21  Dark Templar  
  38  7:22  Dark Templar x2  
  44  8:01  Dark Templar x2  
Show
View Real Time Build Order
Export as new Build Order

Akeria Terran - Winner!

Build Orders: Gas First Reaper Expand 

Get SALT Encoding   

  12  0:03  SCV  
  13  0:18  Supply Depot  
  13  0:20  SCV  
  14  0:27  Refinery  
  14  0:32  SCV  
  15  1:10  Command Center  
  15  1:13  SCV  
  16  1:27  Barracks  
  16  1:42  Engineering Bay  
  16  1:44  SCV  
  17  1:56  Refinery, SCV  
  18  2:16  Orbital Command  
  18  2:22  Reaper  
  19  2:27  Barracks  
  18  2:49  Barracks  
  18  2:53  SCV  
  18  2:54  Reaper  
  20  3:22  Reaper  
  20  3:26  Reaper  
  23  3:57  Barracks Reactor  
  23  3:58  Reaper  
  23  3:59  Barracks Tech Lab  
  23  4:04  Factory  
  23  4:08  Supply Depot  
  23  4:14  Command Center  
  23  4:25  Terran Infantry Weapons Level 1  
  23  4:36  Bunker  
  23  4:49  Factory Tech Lab  
  23  4:54  Supply Depot  
  23  5:03  Marine x4  
  27  5:17  Siege Tank  
  27  5:21  Marine  
  31  5:29  Missile Turret  
  31  5:30  Planetary Fortress, Missile Turret  
  31  5:40  Marine  
  31  5:41  Marine x3  
  35  5:46  SCV  
  36  5:58  Marine x2, SCV  
  36  5:59  Marine  
  36  6:04  Combat Shield  
  40  6:08  SCV  
  41  6:21  Orbital Command  
  41  6:24  SCV  
  42  6:30  Marine  
  43  6:35  Supply Depot  
  43  6:39  SCV  
  44  6:46  SCV  
  45  6:49  Marine  
  45  6:50  Marine  
  45  6:51  SCV  
  48  6:58  SCV  
  48  7:01  Supply Depot  
  49  7:03  Siege Tank  
  52  7:11  SCV  
  52  7:13  SCV  
  54  7:23  Starport, SCV  
  54  7:25  SCV  
  54  7:27  Marine x3  
  54  7:28  Marine  
  60  7:35  SCV  
  61  7:37  SCV  
  61  7:39  SCV  
  63  7:45  Marine x4, Refinery  
  63  7:47  SCV  
  63  7:49  SCV  
  69  7:56  Widow Mine  
  71  7:59  SCV  
  71  8:04  Starport Reactor  
  72  8:07  Supply Depot  
  72  8:14  SCV  
Show
View Real Time Build Order
Export as new Build Order

MrFercho Zerg 

Build Orders: Pool First 

Get SALT Encoding   

  12  0:01  Drone  
  13  0:30  Spawning Pool  
  13  0:34  Overlord  
  12  0:38  Extractor, Drone  
  12  0:51  Drone x2  
  14  1:04  Overlord  
  14  1:26  Hatchery  
  13  1:34  Queen  
  13  1:39  Zergling x2  
  16  1:42  Zergling x2  
  16  1:46  Zergling x2  
  18  2:15  Drone x3  
  21  2:44  Zergling x12  
  22  2:48  Lair  
  27  3:43  Queen  
  29  3:49  Hydralisk Den  
  28  3:59  Evolution Chamber  
  28  4:00  Evolution Chamber  
  26  4:20  Hatchery  
  25  4:33  Hydralisk  
  25  4:34  Hydralisk x3  
  25  4:38  Overlord  
  33  4:43  Extractor  
  32  5:03  Hydralisk  
  34  5:07  Drone  
  34  5:09  Drone  
  36  5:22  Drone  
  36  5:24  Drone  
  38  6:05  Hydralisk x4  
  46  6:11  Drone  
  34  6:55  Hydralisk x3  
  40  7:18  Drone x3  
  43  7:24  Queen  
  43  7:27  Spine Crawler  
  38  7:39  Overseer  
  29  7:46  Hydralisk  
  29  7:47  Hydralisk  
  25  7:58  Hydralisk x2  
Show
View Real Time Build Order
Export as new Build Order

tigro Terran 

Build Orders:  

Get SALT Encoding   

  12  0:04  SCV  
  13  0:16  SCV  
  14  0:22  Supply Depot  
  14  0:26  Refinery  
  14  0:29  SCV  
  15  0:44  SCV  
  16  0:56  SCV  
  17  0:58  Barracks  
  17  1:08  SCV  
  17  1:09  Refinery  
  18  1:20  SCV  
  19  1:26  Supply Depot  
  19  1:32  SCV  
  20  1:45  SCV  
  21  1:49  Marine  
  22  1:57  SCV  
  23  2:06  Marine  
  24  2:08  Barracks  
  24  2:11  SCV  
  25  2:24  Marine, SCV  
  27  2:31  Engineering Bay  
  27  2:38  Orbital Command  
  27  2:42  Marine  
  28  3:00  Marine  
  29  3:09  Barracks Tech Lab  
  29  4:07  Factory  
  29  4:11  Barracks Tech Lab  
  29  4:12  Combat Shield  
  29  4:15  Marine  
  30  4:33  Marine  
  30  4:34  Concussive Shells  
  30  4:38  Marauder  
  33  4:41  Terran Infantry Weapons Level 1  
  33  4:51  Marine  
  34  4:56  Missile Turret  
  34  4:57  Factory Tech Lab  
  34  4:59  Marauder  
  36  5:09  Marine  
  37  5:20  Marauder, Missile Turret  
  39  5:31  Stimpack  
  39  5:33  Command Center  
  39  5:35  Marine  
  40  5:38  Siege Tank  
  40  5:42  Marauder  
  33  6:03  Marauder  
  31  6:10  Siege Tank  
  31  6:24  Marauder  
  29  6:35  Terran Infantry Armor Level 1  
  29  6:46  Marauder  
  18  7:07  Marine  
  15  7:24  Marine  
  16  7:42  Marine  
  17  8:00  Marine  
Tags
 
Add a new tag
Caveats
  • Supply blocks, unpowered buildings, or Contaminate may cause inaccurate times.
  • Supply counts are checked every 10 seconds.